 Dungeon Crawl Stone Soup version 0.31-a0-198-g2ad674f65e (webtiles) character file.

Game seed: 1645603714815295161

26 qw the Shooter (level 2, 0/16 HPs)
             Began as a Deep Elf Hunter on June 25, 2023.
             Slain by a gnoll
             ... wielding a +0 halberd
              (11 damage)
             ... on level 2 of the Dungeon.
             The game lasted 00:00:21 (1069 turns).

qw the Shooter (Deep Elf Hunter)                    Turns: 1069, Time: 00:00:21

Health: 0/16       AC:  4    Str:  8    XL:     2   Next: 89%
Magic:  4/4        EV: 12    Int: 13    God:
Gold:   57         SH:  0    Dex: 18    Spells: 1/1 levels left

rFire   . . .        Y - +0 shortbow
rCold   . . .        (shield currently unavailable)
rNeg    . . .        c - +0 leather armour
rPois   .            (helmet restricted)
rElec   .            (no cloak)
rCorr   .            i - +1 pair of gloves
SInv    .            (no boots)
Will    .....        g - amulet of faith
Stlth   ++           (no ring)
HPRegen 0.22/turn    (no ring)
MPRegen 0.09/turn

%: faith
@: no status effects
A: horns 1, deformed body, screaming 1, shaggy fur 1
a: no special abilities


You were on level 2 of the Dungeon.
You visited 1 branch of the dungeon, and saw 2 of its levels.

You collected 57 gold pieces.


Innate Abilities, Weirdness & Mutations

You have a pair of small horns on your head.
Armour fits poorly on your strangely shaped body.
You occasionally shout uncontrollably at your foes.
You are covered in fur. (AC +1)


   Skills:
 - Level 1.5 Fighting
 + Level 6.6 Ranged Weapons
 - Level 2.4 Dodging
 - Level 1.2 Stealth


You had one spell level left.
You didn't know any spells.
Your spell library was empty.

Inventory:

Hand Weapons
 Y - a +0 shortbow (weapon)
Armour
 a - a +0 cloak
 c - a +0 leather armour (worn)
 i - a +1 pair of gloves (worn)
Jewellery
 g - an amulet of faith (around neck)
Scrolls
 b - a scroll of vulnerability {unknown}
Potions
 d - a potion of mutation
 e - a potion of enlightenment {unknown}
 f - a potion of heal wounds
 h - a potion of brilliance {unknown}

Dungeon Overview and Level Annotations

Branches:
Dungeon (2/15)

Altars:


Message History

Enter note:
Enter note:
Enter note:
Enter note: You shoot an arrow.
The arrow barely misses the rat.
You shoot an arrow. The arrow barely misses the rat.
You shoot an arrow. The arrow barely misses the rat.
The rat closely misses you. The rat barely misses you.
You shoot an arrow. The arrow hits the rat!
You kill the rat!
You open the door.
There is an open door here. 2 gnolls and a bat come into view.
Found an amethyst potion.
Found a stone staircase leading down.
The gnoll shouts!
You hear a shout!
A gnoll comes into view. It is wielding a +0 spear.
Enter note:
Enter note:
Enter note:
Enter note:
Enter note:
Enter note:
1063 ||| Stepping ~*~*~tactically~*~*~ (outnumbered).
The bat barely misses you.
You shoot an arrow. The gnoll shouts!
The arrow hits the bat.
You kill the bat!
1066 ||| Stepping ~*~*~tactically~*~*~ (outnumbered).
You shoot an arrow. The arrow closely misses the gnoll.
The arrow completely misses the gnoll.
You shoot an arrow. The arrow completely misses the gnoll.
The arrow closely misses the gnoll.
The gnoll hits you from afar with a +0 spear.
You shoot an arrow.
The arrow hits the gnoll but does no damage.
The gnoll closely misses you.
The gnoll hits you from afar with a +0 halberd!
Ouch! That really hurt!
You die...

#.######### ...........
>...... #.#.######
....... ..#.# ### .......
#.#.# ..+ ....... #.#.##
#.# ....... .....# #.#
....... .....# #.#
######g......
#.##.####'###...@.g.....!
#.##..........####.......
#.##%.........# +######
####..........#
####..........#
.....####'###.# ######
#.###.# #.# #..##.#
#.####..##.####+#


You could see 2 gnolls.

Vanquished Creatures
  An adder (D:2)
  2 ball pythons
  2 endoplasms
  A hobgoblin (D:1)
  2 jackals (D:2)
  3 kobolds (D:1)
  A quokka (D:1)
  3 bats
  A frilled lizard (D:1)
  A rat (D:2)
17 creatures vanquished.

Notes
Turn   | Place    | Note
-------+----------+-------------------------------------------
     0 | D:1      | qw the Deep Elf Hunter began the quest for the Orb.
     0 | D:1      | Reached XP level 1. HP: 12/12 MP: 3/3
     0 | D:1      | 0 ||| qw: Version: 0.3-a-22-g0ed2b0b
     0 | D:1      | 0 ||| qw: Game counter: 5344
     0 | D:1      | 0 ||| qw: Melee chars always use a shield: true
     0 | D:1      | 0 ||| qw: God list: Okawaru
     0 | D:1      | 0 ||| qw: Allow faded altars: false
     0 | D:1      | 0 ||| qw: Do Orc after clearing Dungeon:15 true
     0 | D:1      | 0 ||| qw: Do second Lair branch before Depths: true
     0 | D:1      | 0 ||| qw: Lair rune preference: random
     0 | D:1      | 0 ||| qw: Goals: Normal
     0 | D:1      | 0 ||| PLANNING D:1-11
   246 | D:1      | You fall into a shaft and drop 1 floor!
   271 | D:2      | Reached skill level 6 in Ranged Weapons
   271 | D:2      | Reached XP level 2. HP: 14/16 MP: 4/4
   309 | D:2      | 309 ||| UPGRADING to amulet of faith.
   314 | D:2      | 314 ||| READING scroll labelled POCYOD YLAW.
   315 | D:2      | 315 ||| READING scroll labelled WUJANE HITUH.
   316 | D:2      | 316 ||| DROPPING scroll of butterflies.
   813 | D:1      | 813 ||| UPGRADING to +1 pair of gloves.
   818 | D:1      | 818 ||| READING scroll labelled FEGRODE VYOMETZ.
   819 | D:1      | 819 ||| READING scroll labelled NAFEOV AFAONIL.
   820 | D:1      | 820 ||| DRINKING 2 green potions.
   820 | D:1      | Gained mutation: You have a pair of small horns on your
                  | head. [potion of mutation]
   820 | D:1      | Gained mutation: Armour fits poorly on your strangely
                  | shaped body. [potion of mutation]
   820 | D:1      | Gained mutation: You occasionally shout uncontrollably at
                  | your foes. [potion of mutation]
   820 | D:1      | Gained mutation: You are covered in fur. (AC +1) [potion of
                  | mutation]
   821 | D:1      | 821 ||| DRINKING 2 fizzy grey potions.
  1063 | D:2      | 1063 ||| Stepping ~*~*~tactically~*~*~ (outnumbered).
  1066 | D:2      | 1066 ||| Stepping ~*~*~tactically~*~*~ (outnumbered).
  1069 | D:2      | Slain by a gnoll

Levels and vault maps discovered:
D:1:      wheals_arrival_shading, layout_loops_corners, chequers_garden
D:2:      layout_basic

Skill      XL: |  1 |
---------------+----+-----
Ranged Weapons | 6 |  6.6
Fighting       | |  1.5
Dodging        | |  2.4
Stealth        | |  1.2

Action                     || total
---------------------------++-------
   Fire: Shortbow          ||    69
    Use: Scroll            ||     4
         Potion            ||     2
 Armour: Leather armour    ||     8
  Dodge: Dodged            ||    23

Table legend:
 A = Non-vault XP
 B = Vault XP
 C = Vault XP percentage of total XP
 D = Non-vault monster count
 E = Vault monster count
 F = Vault count percentage of total count
                 A         B        C        D         E       F
            +---------+---------+-------+---------+---------+-------
      Total |      38 |       0 |   0.0 |      17 |       0 |   0.0
            +---------+---------+-------+---------+---------+-------
        D:1 |      15 |       0 |   0.0 |      10 |       0 |   0.0
        D:2 |      23 |       0 |   0.0 |       7 |       0 |   0.0
            +---------+---------+-------+---------+---------+-------
